 Dungeon Crawl Stone Soup version 0.27.0-1-g7a089689b8 (webtiles) character file.

Game seed: 6623618230122364587

124 rogsnak the Poker (level 5, -1/39 HPs)
             Began as a Merfolk Gladiator on Aug 13, 2021.
             Slain by a gnoll shaman (3 damage)
             ... on level 3 of the Dungeon.
             The game lasted 00:05:01 (3150 turns).

rogsnak the Poker (Merfolk Gladiator)               Turns: 3150, Time: 00:05:02

Health: -1/39      AC:  4    Str: 15    XL:     5   Next: 8%
Magic:  5/5        EV: 13    Int:  8    God:
Gold:   147        SH:  6    Dex: 15    Spells: 4/4 levels left

rFire    . . .     SeeInvis .   l - +0 spear (freeze)
rCold    . . .     Faith    .   g - +2 buckler {rN+}
rNeg     + . .     Spirit   .   b - +0 leather armour
rPois    +         Reflect  .   c - +0 helmet
rElec    .         Harm     .   (no cloak)
rCorr    .         Rampage  .   (no gloves)
Will     .....                  (no boots)
Stlth    +.........             (no amulet)
HPRegen  0.13/turn              m - ring of poison resistance
MPRegen  0.09/turn              n - ring of flight

@: lit by a corona, flying, glowing
A: (nimble swimmer 2), mertail
a: no special abilities


You were on level 3 of the Dungeon.
You visited 1 branch of the dungeon, and saw 4 of its levels.

You collected 147 gold pieces.

Inventory:

Hand Weapons
 a - a +0 trident
 l - a +0 spear of freezing (weapon)
Missiles
 d - 3 throwing nets (quivered)
 h - 94 stones
 k - 17 poisoned darts
Armour
 b - a +0 leather armour (worn)
 c - a +0 helmet (worn)
 g - a +2 buckler of positive energy (worn)
Jewellery
 m - a ring of poison resistance (left hand)
 n - a ring of flight (right hand)
 q - an amulet of guardian spirit
Scrolls
 i - 2 scrolls of identify {unknown}
 o - 3 scrolls of teleportation {unknown}
 p - a scroll of amnesia {unknown}
 r - a scroll of vulnerability {unknown}
Potions
 e - 2 potions of might {unknown}
 f - a potion of heal wounds {unknown}
 j - 2 potions of mutation {unknown}


   Skills:
 + Level 2.6 Fighting
 + Level 6.2 Polearms
 + Level 2.1 Throwing
 + Level 1.2 Armour
 + Level 4.6 Dodging
 + Level 1.2 Stealth
 + Level 0.6 Shields


You had 4 spell levels left.
You didn't know any spells.
Your spell library contained the following spells:

 Spells                   Type           Power      Damage    Failure   Level
 Animate Skeleton         Necr           0%         N/A       63%         1
 Magic Dart               Conj           0%         1d3       63%         1
 Call Imp                 Summ           0%         N/A       77%         2
 Mephitic Cloud           Conj/Pois/Air  0%         N/A       94%         3


Dungeon Overview and Level Annotations

Branches:
Dungeon (4/15)
 Temple: D:4-7

Altars:


Innate Abilities, Weirdness & Mutations

((You are quick and stealthy near water. (Stealth+, EV+, Speed+++)))
Your lower body shifts to a powerful aquatic tail in water.


Message History

You hit the gnoll shaman. You freeze the gnoll shaman.
The gnoll shaman is heavily wounded.
The gnoll shaman hits you with a +0 club.
You hit the gnoll shaman but do no damage.
The gnoll shaman is heavily wounded.
You block the gnoll shaman's attack.
You closely miss the gnoll shaman.
The gnoll shaman is heavily wounded.
You block the gnoll shaman's attack.
You hit the gnoll shaman but do no damage.
The gnoll shaman is heavily wounded.
The gnoll shaman closely misses you.
You hit the gnoll shaman but do no damage.
The gnoll shaman is heavily wounded.
The gnoll shaman hits you with a +0 club!
You hit the gnoll shaman. You freeze the gnoll shaman.
The gnoll shaman is severely wounded.
The gnoll shaman hits you with a +0 club.
You closely miss the gnoll shaman.
The gnoll shaman is severely wounded.
The gnoll shaman closely misses you.
You hit the gnoll shaman. You freeze the gnoll shaman.
The gnoll shaman is severely wounded.
The gnoll shaman utters an invocation to its god.
The gnoll shaman is healed somewhat.
You hit the gnoll shaman but do no damage.
The gnoll shaman is heavily wounded.
You closely miss the gnoll shaman.
The gnoll shaman is heavily wounded.
The gnoll shaman hits you with a +0 club!
You hit the gnoll shaman but do no damage.
The gnoll shaman is heavily wounded.
The gnoll shaman hits you with a +0 club!
* * * LOW HITPOINT WARNING * * *
You closely miss the gnoll shaman.
The gnoll shaman is heavily wounded.
The gnoll shaman hits you with a +0 club.
* * * LOW HITPOINT WARNING * * *
The gnoll shaman hits you with a +0 club.
You die...

##.##.##......#
#..#
#.....##......#
##.#
#..#####......#
#.#
#..#####.######
#.# ##........#
#.# #...#######
#.# ####.####
########.#
#.......#
#>g......#
#.##.##.#
#@########
#.##.##.#######.#
#.##..<......##.#
#.#####.####....#
#.#####.# ######
#.......#
#########


You could see a gnoll shaman.

Vanquished Creatures
  A centaur skeleton (D:4)
  2 gnolls
  An adder (D:2)
  A worm (D:2)
  An orc (D:2)
  7 ball pythons
  5 bats
  4 endoplasms
  6 giant cockroaches
  10 goblins
  2 hobgoblins (D:2)
  2 jackals (D:1)
  9 kobolds
  2 quokkas (D:2)
  A frilled lizard (D:1)
  6 rats
60 creatures vanquished.

Notes
Turn   | Place    | Note
-------+----------+-------------------------------------------
     0 | D:1      | rogsnak the Merfolk Gladiator began the quest for the Orb.
     0 | D:1      | Reached XP level 1. HP: 16/16 MP: 1/1
   283 | D:1      | Reached XP level 2. HP: 22/22 MP: 2/2
   727 | D:1      | Reached skill level 5 in Polearms
   952 | D:1      | Reached XP level 3. HP: 27/27 MP: 3/3
  1594 | D:2      | Found a faded altar of an unknown god.
  1602 | D:2      | Got Plato's Disquisition on Necromancy
  1686 | D:2      | Reached XP level 4. HP: 32/34 MP: 4/4
  1943 | D:2      | Reached skill level 1 in Armour
  2940 | D:4      | Reached skill level 6 in Polearms
  2940 | D:4      | Reached skill level 1 in Stealth
  2954 | D:4      | Reached XP level 5. HP: 11/39 MP: 5/5
  3150 | D:3      | Slain by a gnoll shaman

Illustrated notes

Levels and vault maps discovered:
D:1:      dpeg_arrival_orchard, layout_loops_ring,
          chequers_serial_rivers_small_b, minmay_misc_feat_square
D:2:      layout_basic, shapermc_ecumenical_altar_rom_forum, minmay_surrounded
D:3:      layout_loops_cross
D:4:      layout_gridville

Skill      XL: |  1  2  3  4 |
---------------+-------------+-----
Polearms       | 5 6 |  6.2
Armour         | 1 |  1.2
Stealth        | 1 |  1.2
Fighting       | |  2.6
Throwing       | |  2.1
Dodging        | |  4.6
Shields        | |  0.6

Action                   |  1- 3 |  4- 6 || total
-------------------------+-------+-------++-------
Melee: Trident           |    72 |       ||    72
       Spear             |    42 |   103 ||   145
 Stab: Sleeping          |     3 |     4 ||     7
       Held in net/web   |     1 |       ||     1
       Distracted        |       |     1 ||     1
Armor: Leather armour    |    18 |    12 ||    30
Dodge: Dodged            |    44 |    36 ||    80
Block: Buckler           |    15 |    17 ||    32
